 Dungeon Crawl Stone Soup version 0.28-a0-1159-g27aa881441 (webtiles) character file.

Game seed: 3340469481232106399

322 fragbeetle the Ruffian (level 6, -3/47 HPs)
             Began as a Draconian Transmuter on Dec 15, 2021.
             Killed by divine providence
             ... invoked by an orc priest
              (10 damage)
             ... on level 4 of the Dungeon.
             The game lasted 00:06:56 (3796 turns).

fragbeetle the Ruffian (Draconian Transmuter)       Turns: 3796, Time: 00:06:57

Health: -3/47      AC:  2    Str: 15    XL:     6   Next: 22%
Magic:  7/9        EV: 19    Int: 13    God:
Gold:   105        SH:  0    Dex: 16    Spells: 5/9 levels left

rFire   . . .      SeeInvis .     - Unarmed
rCold   . . .      Faith    .   (shield currently unavailable)
rNeg    . . .      Spirit   .   (armour unavailable)
rPois   x          Reflect  .   (helmet currently unavailable)
rElec   .          Harm     .   (cloak currently unavailable)
rCorr   .          Rampage  .   (gloves currently unavailable)
Will    .....                   (boots currently unavailable)
Stlth   +.........              (no amulet)
HPRegen 0.15/turn               (no ring)
MPRegen 0.11/turn               (no ring)

@: spider-form (expiring)
A: venomous fangs, AC +6, tiny, unfitting armour, (cold-blooded)
a: End Transformation


You were on level 4 of the Dungeon.
You were a venomous arachnid creature.
You visited 1 branch of the dungeon, and saw 4 of its levels.

You collected 105 gold pieces.

Inventory:

Missiles
 a - 58 stones
 i - 14 poisoned darts
Armour
 k - a +1 pair of gloves (melded)
Jewellery
 h - a ring of see invisible
 j - an amulet of faith
 r - a ring of poison resistance
Wands
 n - a wand of digging (5)
 q - a wand of paralysis (6)
Scrolls
 b - a scroll of summoning {unknown}
 c - a scroll of enchant armour
 e - a scroll of blinking {unknown}
 f - a scroll of fear {unknown}
 g - 2 scrolls of torment {unknown}
 l - 2 scrolls of acquirement {unknown}
 o - a scroll of magic mapping {unknown}
 s - a scroll of teleportation {unknown}
 t - a scroll of identify {unknown}
Potions
 m - a potion of might
 p - a potion of heal wounds {unknown}


   Skills:
 - Level 1.1 Fighting
 - Level 1.7 Dodging
 + Level 4.8 Unarmed Combat
 - Level 2.0 Spellcasting
 + Level 4.2 Transmutations
 + Level 2.9 Poison Magic


You had 5 spell levels left.
You knew the following spells:

 Your Spells              Type           Power      Damage    Failure   Level
a - Beastly Appendage     Tmut           24%        N/A       13%         1
b - Spider Form           Tmut/Pois      10%        N/A       36%         3

Your spell library contained the following spells:

 Spells                   Type           Power      Damage    Failure   Level
 Wereblood                Tmut           12%        N/A       19%         2
 Ice Form                 Ice/Tmut       6%         N/A       87%         4


Dungeon Overview and Level Annotations

Branches:
Dungeon (4/15)
 Temple: D:4-7

Altars:
Okawaru
Uskayaw
Beogh

Annotations:
D:3 3 runed translucent doors, ders's ghost, weakling GrEE


Innate Abilities, Weirdness & Mutations

You are a venomous arachnid creature.
You have poisonous fangs.
You are tiny and dextrous.
Your spellcasting is less reliable in this form.
Your armour is entirely melded.
You are incapable of wielding weapons or throwing items.
((Your plain brown scales are hard. (AC +6)))
You cannot fit into any form of body armour.
((You are cold-blooded and may be slowed by cold attacks.))


Message History

An orc priest comes into view. It is wielding a +0 club.
The orc priest shouts!
The orc shouts!
You hear a shout!
The orc wizard points at you and mumbles some strange words.
You resist with some effort.
The orc priest invokes the aid of Beogh against you.
Beogh smites you!
An orc comes into view. It is wielding a +0 hand axe.
The orc shouts!
The orc wizard points at you and mumbles some strange words.
The magic dart hits you!
The orc moves out of view.
An orc priest comes into view. It is wielding a +0 falchion.
The orc closely misses you. The orc wizard barely misses you.
You barely miss the orc wizard. The orc closely misses you.
The orc wizard gestures wildly while chanting.
The orc wizard flickers and vanishes!
Deactivating autopickup; reactivate with Ctrl-A.
You bite something! The orc misses you.
You hear some strange, mumbled words.
Something tries to affect you, but you resist.
Your transformation is almost over.
The orc priest hits you with a +0 club.
* * * LOW HITPOINT WARNING * * *
You hit the orc priest.
The orc priest is poisoned.
The orc priest is moderately wounded.
The orc barely misses you. The orc priest barely misses you.
The orc priest calls upon Beogh to heal the orc priest.
The orc priest is healed somewhat.
You hit the orc priest but do no damage.
The orc priest looks as sick as possible!
The orc priest is moderately wounded.
The orc hits you with a +0 short sword.
* * * LOW HITPOINT WARNING * * *
The orc priest hits you with a +0 club.
* * * LOW HITPOINT WARNING * * *
The orc drinks a potion.
The orc seems to grow stronger.
The orc priest miscasts a cantrip.
You kill the orc priest!
The orc priest calls down the wrath of Beogh upon you.
Beogh smites you!
You die...

#.#....##.....###......##
#...#........# ###.#..#
#####..#..####.#.####.###.##
..........###..##..##.###).#
####......##...###.....###..
##..#........##...#...#..
#.###..####......###....
#.##....####......###... ##
#......so..)........##..
#.#####..##..####oo...........
#.....#####.####.......#.....
#.#....# ##<#.#.#.#.#.#.#.#.#.
##...## #....................
#.....####.#.#(#.#.#)#.#.#.#.
##.#...##................ .
####...##.#.#.#.#.# #.#.# #.
##...#.......# ....


You could see an orc priest and 2 orcs.

Vanquished Creatures
  2 phantoms (D:4)
  An orc priest (D:4)
  A centaur skeleton (D:4)
  An iguana (D:4)
  A gnoll (D:1)
  4 adders
  An adder skeleton (D:4)
  3 worms
  2 orcs (D:4)
  6 endoplasms
  5 giant cockroaches
  7 goblins
  7 hobgoblins
  2 jackals (D:1)
  5 kobolds
  3 quokkas
  4 ball pythons
  A bat (D:2)
  2 frilled lizards
  6 rats
64 creatures vanquished.

Notes
Turn   | Place    | Note
-------+----------+-------------------------------------------
     0 | D:1      | fragbeetle the Draconian Transmuter began the quest for the
                  | Orb.
     0 | D:1      | Reached XP level 1. HP: 16/16 MP: 3/3
   287 | D:1      | Reached XP level 2. HP: 23/23 MP: 3/5
   960 | D:1      | Reached XP level 3. HP: 27/28 MP: 4/6
   966 | D:1      | Learned a level 3 spell: Spider Form
  1018 | D:1      | You fall into a shaft and drop 1 floor!
  1814 | D:2      | Found an iron altar of Okawaru.
  1870 | D:2      | Reached skill level 1 in Poison Magic
  2077 | D:2      | Found a faded altar of an unknown god.
  2262 | D:3      | Found a runed translucent gate.
  2264 | D:3      | Found a runed translucent gate.
  2264 | D:3      | Noticed ders's ghost (weakling GrEE)
  2265 | D:3      | Found a runed translucent gate.
  2315 | D:3      | Reached XP level 4. HP: 34/35 MP: 5/7
  2351 | D:3      | Found a faded altar of an unknown god.
  2359 | D:3      | Found a hide-covered altar of Uskayaw.
  3214 | D:4      | Reached XP level 5. HP: 40/40 MP: 6/8
  3359 | D:4      | Noticed a phantom
  3379 | D:4      | Killed a phantom
  3488 | D:4      | Noticed a phantom
  3657 | D:4      | Killed a phantom
  3658 | D:4      | Reached XP level 6. HP: 17/47 MP: 6/9
  3796 | D:4      | Killed from afar by an orc priest

Illustrated notes

Levels and vault maps discovered:
D:1:      dpeg_arrival_fog, layout_rooms, amcnicky_mini_corridor_feature
D:2:      layout_loops_ring, basic_altar, shapermc_ecumenical_altar_mp_vishouse
D:3:      layout_loops_ring, nicolae_overflow_ecumenical_swirl,
          biasface_ghost_orc_armoury
D:4:      layout_layer_cave, mainiacjoe_overflow_brackets,
          nicolae_ashenzari_skybound, mainiacjoe_overflow_24_doors,
          st_stairs_13, hangedman_decor_diamond_cutter, kennysheep_small_spiral,
          grunt_ministairs_8, eino_tiny_chamber, hangedman_feature_mirror

Skill      XL: |  1  2  3  4  5 |
---------------+----------------+-----
Transmutations | 3 4 |  4.2
Poison Magic   | 1 2 |  2.9
Unarmed Combat | 4 |  4.8
Fighting       | |  1.1
Dodging        | |  1.7
Spellcasting   | |  2.0

Action                   |  1- 3 |  4- 6 || total
-------------------------+-------+-------++-------
Melee: Unarmed           |    98 |    91 ||   189
       Kick              |    21 |    16 ||    37
       Headbutt          |    11 |    10 ||    21
       Tailslap          |     8 |     4 ||    12
       Punch             |     1 |     1 ||     2
 Cast: Beastly Appendage |    30 |    19 ||    49
       Spider Form       |       |     2 ||     2
  Use: Scroll            |       |     1 ||     1
       Potion            |       |     1 ||     1
Armor: Skin              |    18 |    26 ||    44
Dodge: Dodged            |    44 |    43 ||    87

Table legend: (Time is in decaauts)
 A = Elapsed time spent in this place.
 B = Non-inter-level travel time spent in this place.
 C = Inter-level travel time spent in this place.
 D = Time resting spent in this place.
 E = Time spent auto-exploring this place.
 F = Levels seen in this place.
 G = Mean time per level.
                   A        B        C        D        E       F      G
               +--------+--------+--------+--------+--------+-----+--------+
         Total |   3788 |   3722 |     66 |   1001 |   1957 |   4 |  947.0 |
       Dungeon |   3788 |   3722 |     66 |   1001 |   1957 |   4 |  947.0 |
               +--------+--------+--------+--------+--------+-----+--------+

Top non-repeatable levels by time:
     D:1: 1385 daAuts
     D:3: 952 daAuts
     D:2: 822 daAuts
     D:4: 628 daAuts
